Map: Eternal Empire LE

Players

antagomiR - Winner!

  • Race: Protoss Protoss
  • League: Gold
  • Spawn Location: 1:00

king

  • Race: Terran Terran
  • League: Gold
  • Spawn Location: 7:00

VOD

Have the link to the VOD?

Description

Time

  • Played on: April 6, 2020, 11:50 p.m.
  • Length: 24:10
Show
View Real Time Build Order
Export as new Build Order

antagomiR Protoss - Winner!

Build Orders: 1 Gate Expand 

Get SALT Encoding   

  12  0:08  Probe  
  13  0:20  Probe  
  14  0:24  Pylon  
  14  0:32  Probe  
  15  0:44  Gateway  
  15  0:46  Probe  
  16  0:58  Probe  
  16  1:02  Assimilator  
  17  1:11  Probe  
  18  1:14  Assimilator  
  18  1:25  Probe  
  19  1:35  Cybernetics Core  
  19  1:38  Probe  
  20  1:44  Nexus  
  20  1:52  Probe  
  21  2:00  Pylon  
  21  2:12  Probe  
  22  2:17  Adept (Chrono Boost)  
  24  2:23  Warp Gate (Chrono Boost)  
  24  2:24  Probe  
  24  2:29  Assimilator  
  25  2:37  Probe  
  24  2:44  Stalker (Chrono Boost), Pylon  
  28  2:57  Probe  
  29  3:09  Probe  
  30  3:14  Twilight Council  
  30  3:21  Probe  
  30  3:25  Stalker (Chrono Boost)  
  31  3:32  Probe  
  31  3:33  Probe  
  35  3:38  Pylon  
  35  3:44  Probe, Gateway  
  35  3:45  Probe, Gateway  
  37  3:53  Sentry  
  39  3:56  Probe  
  39  3:57  Probe  
  39  3:59  Shield Battery  
  41  4:05  Shield Battery  
  41  4:08  Probe  
  41  4:09  Probe  
  43  4:12  Blink (Chrono Boost)  
  43  4:20  Probe  
  43  4:22  Probe  
  45  4:29  Stalker  
  47  4:32  Probe  
  47  4:34  Probe  
  49  4:38  Pylon, Phoenix  
  49  4:43  Assimilator  
  49  4:44  Probe  
  50  4:46  Probe  
  50  4:47  Assimilator  
  50  4:51  Stalker  
  53  4:54  Sentry  
  53  4:56  Probe  
  53  4:58  Probe  
  57  5:12  Probe x2  
  59  5:24  Probe x2, Forge  
  59  5:26  Forge  
  61  5:36  Probe x2  
  63  5:46  Robotics Facility  
  63  5:48  Pylon  
  63  5:50  Stalker x3  
  69  6:03  Probe, Phoenix  
  70  6:06  Probe  
  71  6:14  Stalker x2  
  71  6:15  Probe  
  71  6:17  Nexus  
  71  6:18  Probe, Pylon  
  76  6:20  Protoss Ground Armor Level 1 (Chrono Boost), Protoss Ground Weapons Level 1 (Chrono Boost)  
  76  6:21  Pylon  
  77  6:32  Probe  
  78  6:36  Probe  
  79  6:42  Pylon  
  79  6:44  Probe  
  79  6:45  Pylon  
  80  6:48  Probe  
  80  6:50  Pylon  
  81  6:56  Probe  
  81  7:00  Probe  
  83  7:02  Warp Prism  
  85  7:08  Probe  
  85  7:09  Stalker x2  
  85  7:12  Probe  
  91  7:19  Sentry  
  89  7:26  Shield Battery x2  
  78  7:38  Observer  
  78  7:55  Stalker x2  
  78  7:56  Sentry  
  84  7:59  Observer  
  84  8:04  Shield Battery  
  85  8:15  Robotics Bay  
  85  8:17  Pylon  
  85  8:21  Immortal, Pylon  
  89  8:28  Protoss Ground Armor Level 2 (Chrono Boost)  
  89  8:31  Protoss Ground Weapons Level 2 (Chrono Boost), Templar Archives  
  89  8:46  Sentry  
  89  8:47  Stalker, Sentry  
  95  8:54  Probe x3  
  98  9:06  Probe x2  
  98  9:07  Probe  
  101  9:14  Gateway x2  
  101  9:18  Probe x2  
  101  9:22  Assimilator  
  103  9:25  Gateway, Assimilator  
  103  9:26  Gateway  
  103  9:28  Gateway  
  103  9:36  Zealot x3  
  103  9:50  Probe x3  
  104  10:02  Probe x2  
  104  10:04  Probe  
  107  10:09  Colossus (Chrono Boost)  
  113  10:14  Probe  
  114  10:28  Probe x3  
  117  10:40  Probe  
  118  10:44  Robotics Facility  
  118  11:00  Immortal (Chrono Boost)  
  122  11:11  Stargate x2  
  122  11:13  Stargate  
  122  11:19  Probe x3  
  122  11:24  Nexus  
  125  11:27  Pylon  
  125  11:29  Pylon  
  125  11:31  Probe x2  
  125  11:32  Colossus  
  133  11:36  Stalker x3  
  133  11:37  Stalker x4  
  147  11:44  Disruptor  
  150  11:49  Probe x2  
  152  11:59  Shield Battery  
  152  12:03  Shield Battery  
  152  12:09  Assimilator  
  152  12:14  Assimilator  
  152  12:19  Stalker x2  
  152  12:20  Stalker, Colossus  
  164  12:35  Colossus  
  170  12:51  Probe x3  
  173  12:56  Probe  
  174  13:03  Probe  
  175  13:09  Pylon  
  175  13:13  Warp Prism  
  139  13:54  Stalker  
  139  13:55  Stalker x3  
  145  13:56  Stalker x4  
  155  14:10  Protoss Ground Weapons Level 3 (Chrono Boost)  
  155  14:11  Protoss Ground Armor Level 3 (Chrono Boost)  
  155  14:17  Fleet Beacon  
  155  14:24  Stalker  
  155  14:25  Stalker x4  
  155  14:26  Stalker x3  
  171  15:08  Fleet Beacon  
  171  15:10  Tempest (Chrono Boost)  
  171  15:11  Tempest x2 (Chrono Boost)  
  186  15:38  Stalker  
  188  15:45  Pylon  
  188  15:51  Pylon  
  188  15:58  Pylon, Nexus  
  188  16:02  Pylon  
  188  16:03  Tempest  
  193  16:09  Tempest  
  198  16:32  Tempest  
  189  17:14  Tempest  
  173  17:49  Stalker x2  
  173  17:50  Stalker x3  
  173  17:51  Stalker x3  
  179  17:57  Tempest  
  112  19:01  Stalker x2  
  112  19:02  Stalker x5  
  124  19:03  Stalker  
  128  19:10  Tempest x2  
  128  19:11  Tempest  
  143  19:18  Colossus  
  143  19:19  Colossus  
  155  19:31  Stalker  
  155  19:32  Stalker x2  
  155  19:33  Stalker x4  
  155  19:34  Stalker  
  171  19:47  Unknown  
  171  19:49  Shield Battery  
  171  19:50  Tempest x2 (Chrono Boost)  
  171  19:51  Tempest (Chrono Boost)  
  171  19:53  Shield Battery  
  186  20:03  Colossus  
  186  20:13  Colossus  
  198  20:23  Stalker  
  179  20:56  Colossus  
  134  21:21  Tempest x2  
  134  21:22  Tempest  
  139  21:38  Stalker x2  
  139  21:39  Stalker x3  
  149  21:40  Stalker x3  
  144  22:04  Tempest x3  
  152  22:23  Stalker x4  
  152  22:24  Stalker x4  
  144  22:47  Tempest (Chrono Boost)  
  159  22:54  Tempest x2 (Chrono Boost)  
  159  22:56  Stalker x5  
  159  22:57  Stalker x3  
  175  23:03  Colossus x2  
  187  23:25  Tempest (Chrono Boost)  
Show
View Real Time Build Order
Export as new Build Order

king Terran 

Build Orders: 2 Factory 

Get SALT Encoding   

  12  0:02  SCV  
  13  0:15  SCV  
  14  0:27  SCV  
  15  0:45  Supply Depot  
  15  1:01  Supply Depot  
  15  1:07  SCV  
  16  1:14  Barracks  
  16  1:22  Command Center  
  16  1:23  SCV  
  17  1:37  SCV  
  18  1:43  Refinery  
  18  1:47  Refinery  
  18  1:54  SCV  
  19  2:04  Barracks  
  19  2:05  Marine  
  20  2:09  SCV  
  21  2:21  SCV  
  22  2:32  Engineering Bay  
  22  2:33  SCV  
  23  2:37  SCV  
  23  3:12  Orbital Command  
  23  3:22  Factory  
  23  3:26  Factory  
  23  3:33  Barracks Reactor  
  23  3:34  SCV  
  24  3:46  SCV x2  
  24  3:47  Barracks Tech Lab  
  26  3:49  Refinery  
  26  3:58  SCV x2  
  28  4:10  SCV  
  28  4:11  Factory Tech Lab x2  
  28  4:13  Starport  
  28  4:14  Marine x2  
  28  4:15  Combat Shield  
  31  4:30  Siege Tank  
  34  4:34  Siege Tank  
  34  4:37  Marine x2  
  39  4:43  SCV  
  40  4:54  Missile Turret  
  40  4:55  SCV, Missile Turret  
  41  5:01  Missile Turret  
  41  5:07  SCV, Missile Turret  
  41  5:12  Liberator  
  45  5:19  SCV  
  46  5:23  Supply Depot  
  46  5:26  Supply Depot  
  46  5:34  Refinery  
  46  5:35  Missile Turret  
  46  5:44  SCV  
  46  5:48  Armory  
  47  5:51  Armory  
  47  5:56  Widow Mine x2  
  51  6:02  Orbital Command  
  51  6:07  SCV  
  52  6:18  Widow Mine x2  
  56  6:19  SCV  
  57  6:36  Drilling Claws  
  57  6:38  Starport Tech Lab  
  57  6:39  Widow Mine  
  59  6:40  Terran Ship Weapons Level 1  
  59  6:42  Terran Vehicle And Ship Armor Level 1  
  59  6:57  Sensor Tower  
  59  7:03  Missile Turret  
  59  7:23  Missile Turret  
  59  7:43  Siege Tank x2  
  62  8:01  Command Center  
  62  8:08  Supply Depot  
  62  8:09  Supply Depot x3  
  62  8:15  Barracks  
  62  8:20  Barracks  
  62  8:29  Marine x3  
  65  8:41  SCV  
  66  8:47  Marine x3  
  69  8:51  Widow Mine x2  
  69  8:52  Starport  
  69  8:53  SCV  
  74  9:00  Terran Ship Weapons Level 2, Terran Vehicle And Ship Armor Level 2  
  74  9:03  Starport  
  74  9:05  SCV  
  74  9:06  Fusion Core  
  76  9:10  SCV  
  76  9:12  Engineering Bay  
  76  9:13  Widow Mine  
  78  9:17  SCV  
  78  9:22  SCV  
  78  9:24  Barracks Reactor  
  80  9:29  SCV  
  80  9:30  Barracks Reactor  
  81  9:34  SCV  
  82  9:46  SCV  
  82  9:57  Starport Tech Lab  
  82  9:58  SCV  
  82  9:59  Starport Tech Lab  
  83  10:12  Missile Turret  
  83  10:14  Missile Turret  
  83  10:16  Missile Turret  
  83  10:34  Siege Tank x2  
  89  10:38  Medivac x2  
  89  10:39  Medivac  
  89  10:42  Terran Infantry Armor Level 1  
  95  10:43  Terran Infantry Weapons Level 1  
  95  11:05  Planetary Fortress  
  95  11:06  Widow Mine x2  
  99  11:22  Marine x6  
  99  11:23  Marine  
  106  11:40  Marine x3  
  106  11:41  Missile Turret  
  106  11:43  Missile Turret  
  106  11:46  Missile Turret  
  109  11:47  Missile Turret  
  109  11:49  Marine x4  
  113  11:55  Battlecruiser  
  113  11:56  Battlecruiser  
  113  11:57  Marine  
  113  11:58  Marine x2  
  128  12:05  Missile Turret  
  128  12:07  Marine x4  
  132  12:15  Marine x2  
  132  12:16  Marine  
  132  12:17  Terran Ship Weapons Level 3  
  132  12:18  Supply Depot  
  132  12:21  Supply Depot x2  
  135  12:23  Refinery  
  135  12:25  Marine x4  
  135  12:26  SCV, Refinery  
  140  12:38  SCV  
  140  12:42  Marine  
  140  12:43  Marine x6  
  148  12:46  Medivac  
  148  12:50  SCV  
  151  12:53  Cyclone x2  
  157  12:59  Medivac x2  
  157  13:02  SCV  
  162  13:09  Terran Infantry Weapons Level 2  
  162  13:14  SCV  
  162  13:15  Terran Infantry Armor Level 2  
  163  13:26  SCV  
  164  13:38  SCV  
  164  13:50  SCV  
  165  14:04  Marine x6  
  165  14:05  Marine  
  165  14:09  Medivac x2  
  176  14:10  Medivac  
  178  14:21  Marine  
  178  14:22  Marine x2  
  181  14:38  Marine x4  
  185  14:39  Marine x2  
  185  14:40  Marine  
  188  14:52  Command Center  
  188  14:56  Marine  
  189  15:21  Medivac x3  
  193  15:23  Command Center  
  195  15:28  Starport  
  195  15:31  Starport  
  195  15:32  Terran Infantry Weapons Level 3  
  195  15:33  Terran Infantry Armor Level 3  
  195  15:34  Starport  
  195  16:02  Missile Turret  
  195  16:03  Missile Turret  
  195  16:06  Missile Turret  
  195  16:23  Missile Turret  
  195  16:24  Missile Turret  
  189  16:27  Refinery  
  187  16:45  Refinery  
  187  16:49  Planetary Fortress  
  160  17:12  Marine x5  
  160  17:13  Marine x2  
  99  17:30  Marine x5  
  99  17:36  Viking x6  
  116  17:47  Marine  
  116  17:48  Marine x2  
  116  17:54  Siege Tank x2  
  116  18:05  Viking, Marine  
  111  18:06  Marine x2  
  104  18:16  Barracks x2  
  104  18:18  Barracks  
  102  18:20  Barracks  
  102  18:21  Barracks  
  89  18:35  Siege Tank x2  
  91  18:54  Viking x2  
  91  18:55  Viking x4  
  93  19:14  Barracks Reactor x5  
  93  19:17  SCV  
  94  19:24  Viking  
  94  19:28  Viking x4  
  94  19:29  SCV  
  105  19:41  SCV  
  106  19:52  Marine x3  
  107  19:53  Marine x6  
  107  19:54  SCV, Marine  
  117  20:06  SCV  
  118  20:10  Marine x5  
  118  20:11  Marine x5  
  118  20:12  Marine x2  
  130  20:18  SCV  
  131  20:28  Marine x6  
  132  20:29  Marine x4  
  132  20:30  SCV, Marine x2  
  144  20:46  Marine x7  
  144  20:47  Marine x4  
  144  20:48  Marine  
  130  21:03  Marine  
  130  21:04  Marine x7  
  121  21:05  Marine x4  
  110  21:21  Marine x3  
  110  21:22  Marine x6  
  110  21:23  Marine  
  105  21:30  Marine  
  92  21:35  Marine  
  92  21:39  Marine x3  
  79  21:44  Thor  
  79  21:47  Thor  
  80  21:52  Viking x3, Marine  
  86  22:09  Marine x2  
  86  22:13  SCV  
  82  22:25  SCV  
  82  22:27  Marine x2  
  61  22:45  Marine x2  
  61  22:49  Thor x2  
  73  22:54  Marine x4  
  73  22:55  Marine x4  
  81  23:02  Marine  
  81  23:03  Marine  
  83  23:12  Marine  
  84  23:22  Viking x5  
  94  23:28  SCV  
  94  23:33  Marine x2  
  97  23:40  SCV  
  84  23:53  SCV  
Tags
 
Add a new tag
Caveats
  • Supply blocks, unpowered buildings, or Contaminate may cause inaccurate times.
  • Supply counts are checked every 10 seconds.